 Dungeon Crawl Stone Soup version 0.30-a0-1075-gcd70e7a56d (webtiles) character file.

Game seed: 2027295377542170527

5849 hwolsky the Protected (level 10, 0/90 HPs)
             Began as a Minotaur Fighter on Apr 14, 2023.
             Was an Initiate of Ashenzari.
             Succumbed to Grum's poison
             ... on level 8 of the Dungeon.
             The game lasted 00:33:45 (8243 turns).

hwolsky the Protected (Minotaur Fighter)            Turns: 8243, Time: 00:33:45

Health: 0/90       AC: 30    Str: 32    XL:     10   Next: 51%
Magic:  9/9        EV:  8    Int:  5    God:    Ashenzari [......]
Gold:   607        SH:  0    Dex: 11    Spells: 9/9 levels left

rFire   . . .      SeeInvis .    g - +4 great sword of Wasek {heavy, Will+ Str+5}
rCold   . . .      Faith    .    (shield currently unavailable)
rNeg    . . .      Spirit   .    d - +6 plate armour {ponderous}
rPois   .          Reflect  .    (helmet restricted)
rElec   .          Rampage  .    p - +1 cloak "Dismay of Ashenzari" {Melee, Cun} (curse)
rCorr   .                        j - +1 pair of gloves {Str+3}
Will    +....                    (no boots) Stlth
                                 (no amulet)
HPRegen 0.35/turn                e - +4 ring of protection
MPRegen 0.11/turn                (no ring)

@: mighty, lethally poisoned (0 -> -22), studying Throwing, slow
A: horns 2, retaliatory headbutt
a: Renounce Religion, Curse Item, Shatter the Chains


You were on level 8 of the Dungeon.
You worshipped Ashenzari.
Ashenzari was noncommittal.
You visited 2 branches of the dungeon, and saw 9 of its levels.

You collected 2179 gold pieces.
You spent 1572 gold pieces at shops.

Inventory:

Hand Weapons
 g - the +4 great sword of Wasek (weapon) {heavy, Will+ Str+5}
   (You bought it in a shop on level 2 of the Dungeon)

   Str:       It affects your strength (+5).
   Will:      It increases your willpower.
 n - the +7 Throatcutter {drain, coup de grace}
   (You took it off Terence on level 3 of the Dungeon)
Armour
 d - a +6 plate armour of ponderousness (worn)
 j - a +1 pair of gloves of strength (worn)
 p - the cursed +1 cloak "Dismay of Ashenzari" (worn) {Melee, Cun}
   (You found it on level 4 of the Dungeon)

   It has a curse which improves the following skills: Melee Combat: Short
   Blades, Long Blades, Axes, Maces & Flails, Polearms, Staves and Unarmed
   Combat.
   Cunning:   Dodging and Stealth.
Jewellery
 e - a +4 ring of protection (left hand)
Wands
 a - a wand of paralysis (9)
 l - a wand of flame (18)
 q - a wand of roots (8)
Scrolls
 f - a scroll of vulnerability
 h - 2 scrolls of fear
 k - 5 scrolls of teleportation
 m - 2 scrolls of identify
 o - 2 scrolls of noise
 r - a scroll of magic mapping
Potions
 c - a potion of flight
 i - a potion of degeneration
 t - a potion of lignification


   Skills:
 + Level 8.7 Fighting
 * Level 11.3(11.7) Long Blades
 * Level 7.0 Throwing
 * Level 11.6 Armour
 - Level 5.4 Shields


You had 9 spell levels left.
You didn't know any spells.
Your spell library contained the following spells:

 Spells                   Type           Power      Damage    Failure   Level
 Beastly Appendage        Tmut           0%         N/A       97%         1
 Freeze                   Ice            0%         1d3       97%         1
 Magic Dart               Conj           0%         1d3       97%         1
 Summon Small Mammal      Summ           0%         N/A       97%         1
 Searing Ray              Conj           0%         2d4       99%         2
 Wereblood                Tmut           0%         N/A       99%         2
 Call Canine Familiar     Summ           0%         N/A       100%        3
 Frozen Ramparts          Ice            0%         1d1       100%        3
 Gell's Gravitas          Tloc           0%         N/A       100%        3
 Hailstorm                Conj/Ice       0%         3d3       100%        3
 Spider Form              Tmut/Pois      0%         N/A       100%        3
 Summon Guardian Golem    Hex/Summ       0%         N/A       100%        3
 Teleport Other           Tloc           0%         N/A       100%        3
 Fulminant Prism          Conj/Hex       0%         3d5       100%        4
 Dispersal                Tloc           0%         N/A       100%        6


Dungeon Overview and Level Annotations

Branches:
Dungeon (8/15)             Temple (1/1) D:6
   Lair: D:8-11

Altars:
Ashenzari
Dithmenos
Elyvilon
Fedhas
Gozag
Hepliaklqana
Kikubaaqudgha
Makhleb
Nemelex Xobeh
Okawaru
Qazlal
Ru
Sif Muna
Trog
Uskayaw
Vehumet
Wu Jian
Xom
Zin
The Shining One

Shops:
D:2 [*?!(   D:7 ?*:?

Annotations:
D:8 Grum


Innate Abilities, Weirdness & Mutations

You have a pair of horns on your head.
You reflexively headbutt those who attack you in melee.


Message History

You closely miss the wolf. Your headbutt misses the wolf.
The wolf is moderately wounded.
You feel very sick. The wolf bites you but does no damage. The wolf bites you.
The wolf bites you but does no damage. Grum hits you but does no damage.
You are more poisoned.
The wolf bites you. The wolf barely misses you. Grum closely misses you.
You slice the wolf!!
You kill the wolf!
You feel very sick.
The wolf bites you but does no damage. x2
Grum hits you from afar with a +0 spear of venom.
You are more poisoned.
The wolf bites you but does no damage. Grum hits you but does no damage.
You are more poisoned.
You feel very sick.
The wolf bites you but does no damage. x2; Grum hits you but does no damage.
You are more poisoned.
You miss the wolf.
You feel extremely sick. The wolf bites you!
The wolf bites you but does no damage. Grum hits you but does no damage.
You are more poisoned.
The wolf bites you but does no damage. Grum barely misses you.
You barely miss the wolf.
You feel extremely sick. The wolf barely misses you. You furiously retaliate!
You headbutt the wolf. The wolf barely misses you.
Grum hits you from afar with a +0 spear of venom!
* * * LOW HITPOINT WARNING * * *
You are more poisoned.
The wolf bites you but does no damage.
You feel very mighty all of a sudden.
* * * LOW HITPOINT WARNING * * *
You feel extremely sick. The wolf bites you but does no damage.
Grum barely misses you. The wolf bites you but does no damage.
You closely miss the wolf. Your headbutt misses the wolf.
The wolf is moderately wounded.
You die...

#)# #....# #...# ###.# ##[..#
#...## .)..# #....# #..... #####
. ##....###...## # ..
##....♣#....... # ...
##.....##....... #
....#####.....##........ #
......#......######...## #
#.....h@....### #..... #
##...g†....##.# #...##
############♣.....♣###.# #...#
##.........#########...# #...#
##.###...##.# #.#### #...##
##.###...##.# #.########...##
..........#.#######.......#.#.###
##.###...#.......))..####..###.##
#........#.########.####.## ##..


You could see Grum and a wolf.

Vanquished Creatures
  A two-headed ogre (D:8)
  Maggie (D:6)
  Psyche (D:8)
  A hornet (D:6)
  Sigmund (D:4)
  Eustachio (D:6)
  2 wyverns
  4 yaks (D:8)
  2 steam dragons (D:7)
  Menkaure (D:6)
  2 water moccasins
  A sky beast (D:7)
  6 orc warriors
  An ice beast (D:7)
  2 wolves (D:8)
  A kobold brigand (D:8)
  Blork the orc (D:6)
  2 bullfrogs
  A scorpion (D:7)
  4 wights (D:7)
  6 killer bees (D:7)
  2 howler monkeys (D:7)
  A jelly (D:6)
  A gnoll bouda (D:8)
  6 orc priests
  4 hounds
  3 iguanas
  2 sleepcaps
  Jessica (D:3)
  Terence (D:3)
  5 orc wizards
  6 gnolls
  13 adders
  A white imp (D:6)
  2 ufetubi (D:5)
  5 worms (D:2)
  A dart slug (D:5)
  24 orcs
  5 bats
  9 endoplasms
  A giant cockroach (D:1)
  6 goblins
  5 hobgoblins
  6 jackals (D:1)
  3 quokkas
  2 ball pythons (D:1)
  4 frilled lizards
  13 kobolds
  3 rats (D:1)
177 creatures vanquished.

Notes
Turn   | Place    | Note
-------+----------+-------------------------------------------
     0 | D:1      | hwolsky the Minotaur Fighter began the quest for the Orb.
     0 | D:1      | Reached XP level 1. HP: 19/19 MP: 0/0
   179 | D:1      | Reached XP level 2. HP: 27/27 MP: 1/1
   383 | D:1      | Reached XP level 3. HP: 33/33 MP: 2/2
   475 | D:1      | Identified a scroll of acquirement
   475 | D:1      | Acquired 924 gold pieces
   945 | D:2      | Found Pegubby's General Store.
   946 | D:2      | Found Jares's Magic Scroll Shoppe.
  1035 | D:2      | Bought the +4 great sword of Wasek {heavy, Will+ Str+5} for
                  | 767 gold pieces
  1116 | D:2      | Noticed a great orb of eyes
  1119 | D:2      | Found a faded altar of an unknown god.
  1121 | D:2      | Noticed a floating eye
  1122 | D:2      | Noticed a floating eye
  1122 | D:2      | Noticed a great orb of eyes
  1177 | D:2      | Found Kympat's Weapon Emporium.
  1213 | D:2      | Reached XP level 4. HP: 38/40 MP: 3/3
  1223 | D:2      | Found Zoetik's Distillery.
  1235 | D:2      | Bought a potion of degeneration for 10 gold pieces
  1449 | D:2      | Found Ufuetzo's Antique Armour Shop.
  1863 | D:2      | Bought a pair of runed gloves for 157 gold pieces
  1899 | D:2      | Bought a scroll of identify for 22 gold pieces
  1899 | D:2      | Bought a scroll of identify for 22 gold pieces
  1899 | D:2      | Bought a scroll of identify for 22 gold pieces
  1933 | D:3      | Noticed Terence
  1937 | D:3      | Killed Terence
  1938 | D:3      | Reached XP level 5. HP: 36/47 MP: 4/4
  2131 | D:3      | Found a shadowy altar of Dithmenos.
  2195 | D:3      | Found a hide-covered altar of Uskayaw.
  2195 | D:3      | Found an opulent altar of Gozag.
  2196 | D:3      | Found a stormy altar of Qazlal.
  2704 | D:3      | Noticed Jessica
  2717 | D:3      | Killed Jessica
  2718 | D:3      | Reached skill level 5 in Armour
  2734 | D:3      | Found a shimmering blue altar of Sif Muna.
  3505 | D:4      | Noticed Sigmund
  3514 | D:4      | Killed Sigmund
  3515 | D:4      | Reached skill level 5 in Fighting
  3515 | D:4      | Reached skill level 5 in Long Blades
  3515 | D:4      | Reached skill level 5 in Shields
  3515 | D:4      | Reached XP level 6. HP: 53/56 MP: 5/5
  3639 | D:4      | Acquired 793 gold pieces
  3686 | D:5      | Entered Level 5 of the Dungeon
  3906 | D:5      | Noticed a water moccasin
  3911 | D:5      | Killed a water moccasin
  3912 | D:5      | Reached XP level 7. HP: 61/61 MP: 6/6
  4881 | D:6      | Reached XP level 8. HP: 21/70 MP: 7/7
  5080 | D:6      | Noticed Blork the orc
  5085 | D:6      | Killed Blork the orc
  5153 | D:6      | Found a staircase to the Ecumenical Temple.
  5179 | D:6      | Noticed a hornet
  5185 | D:6      | Killed a hornet
  5427 | D:6      | Noticed Maggie
  5441 | D:6      | Killed Maggie
  5526 | D:6      | Noticed Eustachio
  5548 | D:6      | Killed Eustachio
  5629 | D:6      | Noticed Menkaure
  5632 | D:6      | Killed Menkaure
  5921 | Temple   | Entered the Ecumenical Temple
  6053 | Temple   | Became a worshipper of Ashenzari the Shackled
  6087 | D:7      | Reached XP level 9. HP: 78/79 MP: 8/8
  6183 | D:7      | Reached skill level 10 in Armour
  6372 | D:7      | Found Ytowa's Magic Scroll Shop.
  6376 | D:7      | Bought a scroll of acquirement for 572 gold pieces
  6383 | D:7      | Acquired a manual of Throwing
  6424 | D:7      | Reached skill level 1 in Throwing
  6607 | D:7      | Reached skill level 10 in Long Blades
  6765 | D:7      | Found a burning altar of Makhleb.
  6886 | D:7      | Found Nuehado's General Store.
  7096 | D:7      | Found Locod's Magic Scroll Shoppe.
  7409 | D:7      | Found Jeczah's Book Shop.
  7611 | D:8      | Reached XP level 10. HP: 88/88 MP: 9/9
  7614 | D:8      | Reached skill level 5 in Throwing
  7967 | D:8      | Noticed Psyche
  7971 | D:8      | Killed Psyche
  7978 | D:8      | Noticed a two-headed ogre
  7986 | D:8      | Killed a two-headed ogre
  8229 | D:8      | Noticed Grum
  8243 | D:8      | Succumbed to Grum's poison

Illustrated notes

Levels and vault maps discovered:
D:1:      evilmike_arrival_crescent, layout_basic, serial_rivers,
          chequers_serial_rivers_micro_d, chequers_serial_rivers_micro_b,
          chequers_serial_rivers_micro_c, chequers_serial_rivers_micro_a,
          chequers_serial_rivers_large_b, chequers_serial_rivers_micro_a
D:2:      layout_loops_cross, serial_shops, shop_statue, nicolae_lakefront_shop,
          nicolae_lakefront_shop, shop, nicolae_shop_window_shopping,
          hellmonk_ecumenical_altar_watching_god
D:3:      layout_basic, gammafunk_temple_overflow_claw, tgw_sif,
          nicolae_dithmenos_through_a_glass_darkly, grunt_decor_arrowhead,
          uniq_terence
D:4:      layout_basic, uniq_sigmund
D:5:      layout_cave_pods, minmay_misc_feat_chi, grunt_ministairs_6,
          minmay_misc_feat_diagonals, guppyfry_early_lair_pool
D:6:      layout_loops_ring, minmay_temple_entry_arrows, hangedman_glass_teeth,
          uniq_menkaure, uniq_maggie, uniq_eustachio, uniq_blork_the_orc
D:7:      minmay_recursive_quarters, layout_basic,
          mainiacjoe_overflow_concentric_impassable, serial_shops,
          nicolae_diamond_shop, nicolae_shop_behind_doors, nicolae_shop_crystal,
          shop
D:8:      layout_loops_cross, cheibriados_altar_1, kennysheep_donut,
          amcnicky_mini_corridor_feature, minmay_misc_feat_nine_boxes,
          uniq_psyche, uniq_erica, uniq_grum
Temple:   nicolae_temple_superstar

Skill      XL: |  1  2  3  4  5  6  7  8  9 10 |
---------------+-------------------------------+-----
Armour         | 4 5 6 7 9 10 11 | 11.6
Fighting       | 4 5 7 8 |  8.7
Shields        | 4 5 |  5.4
Long Blades    | 3 4 5 6 8 10 11 | 11.3
Throwing       | 4 7 |  7.0

Action                     |  1- 3 |  4- 6 |  7- 9 | 10-12 || total
---------------------------+-------+-------+-------+-------++-------
  Melee: Long sword        |    67 |       |       |       ||    67
         Headbutt          |    11 |     8 |    24 |     6 ||    49
         Great sword       |    10 |    67 |   147 |    56 ||   280
 Invoke: Curse Item        |       |       |     1 |       ||     1
    Use: Scroll            |     5 |     7 |    10 |       ||    22
         Potion            |       |     1 |     7 |     1 ||     9
 Armour: Scale mail        |    30 |    78 |    45 |       ||   153
         Plate armour      |       |       |   177 |    71 ||   248
  Dodge: Dodged            |    31 |    72 |   129 |    41 ||   273
  Block: Buckler           |    18 |       |       |       ||    18

Table legend: (Time is in decaauts)
 A = Elapsed time spent in this place.
 B = Non-inter-level travel time spent in this place.
 C = Inter-level travel time spent in this place.
 D = Time resting spent in this place.
 E = Time spent auto-exploring this place.
 F = Levels seen in this place.
 G = Mean time per level.
                   A        B        C        D        E       F      G
               +--------+--------+--------+--------+--------+-----+--------+
         Total |   8760 |   8439 |    321 |   1113 |   5092 |   9 |  973.3 |
       Dungeon |   8602 |   8294 |    308 |   1113 |   4982 |   8 | 1075.2 |
        Temple |    157 |    145 |     12 |      0 |    110 |   1 |  157.0 |
               +--------+--------+--------+--------+--------+-----+--------+

Top non-repeatable levels by time:
     D:7: 1665 daAuts
     D:6: 1310 daAuts
     D:5: 1092 daAuts
     D:2: 1063 daAuts
     D:3: 973 daAuts
     D:1: 934 daAuts
     D:4: 838 daAuts
     D:8: 724 daAuts
  Temple: 157 daAuts
